 Dungeon Crawl Stone Soup version 0.22.1 (webtiles) character file.

66 n0claF the Magician (level 4, -1/32 HPs)
             Began as a Gnoll Wizard on Sept 17, 2018.
             Slain by an orc
             ... wielding a +0 morningstar
              (8 damage)
             ... on level 3 of the Dungeon.
             The game lasted 00:10:42 (1883 turns).

n0claF the Magician (Gnoll Wizard)                  Turns: 1883, Time: 00:10:43

Health: -1/32      AC:  3    Str:  9    XL:     4   Next: 15%
Magic:  7/13       EV: 14    Int: 22    God:
Gold:   100        SH:  0    Dex: 13    Spells: 8/17 levels left

rFire    . . .     SeeInvis .   g - +0 whip
rCold    . . .     Gourm    .   (no shield)
rNeg     . . .     Faith    .   a - +0 robe
rPois    .         Spirit   .   b - +0 hat
rElec    .         Reflect  .   f - +0 cloak
rCorr    .         Harm     .   (no gloves)
MR       .....                  (no boots)
Stlth    +++.......             (no amulet)
HPRegen  0.10/turn              (no ring)
MPRegen  0.13/turn              (no ring)

@: slowed, very slow
A: distributed training, fangs 1, strong nose
a: no special abilities


You were on level 3 of the Dungeon.
You were not hungry.

You visited 1 branch of the dungeon, and saw 3 of its levels.

You collected 100 gold pieces.

Inventory:

Hand Weapons
 g - a +0 whip (weapon)
   (You took it off a kobold on level 2 of the Dungeon)
Armour
 a - a +0 robe (worn)
 b - a +0 hat (worn)
 f - a +0 cloak (worn)
   (You found it on level 1 of the Dungeon)
Jewellery
 i - a +4 ring of dexterity {unknown}
   (You found it on level 2 of the Dungeon)
Scrolls
 c - a scroll of fog {unknown}
 d - a scroll of blinking {unknown}
 j - a scroll of enchant weapon {unknown}
 k - a scroll of remove curse {unknown}
 l - 2 scrolls of identify {unknown}
 m - 2 scrolls of enchant armour {unknown}
Comestibles
 e - 2 rations {!d}


   Skills:
 + Level 1.0 Fighting
 + Level 1.0 Short Blades
 + Level 1.0 Long Blades
 + Level 1.0 Axes
 + Level 1.0 Maces & Flails
 + Level 1.0 Polearms
 + Level 1.0 Staves
 + Level 1.0 Slings
 + Level 1.0 Bows
 + Level 1.0 Crossbows
 + Level 1.0 Throwing
 + Level 1.0 Armour
 + Level 4.6 Dodging
 + Level 4.2 Stealth
 + Level 1.0 Shields
 + Level 1.0 Unarmed Combat
 + Level 7.2 Spellcasting
 + Level 2.2 Conjurations
 + Level 0.7 Hexes
 + Level 0.7 Charms
 + Level 2.2 Summonings
 + Level 0.7 Necromancy
 + Level 2.2 Translocations
 + Level 0.7 Transmutations
 + Level 0.7 Fire Magic
 + Level 0.7 Ice Magic
 + Level 0.7 Air Magic
 + Level 0.7 Earth Magic
 + Level 0.7 Poison Magic
 + Level 1.1 Invocations
 + Level 1.0 Evocations


You had 8 spell levels left.
You knew the following spells:

 Your Spells              Type           Power        Failure   Level  Hunger
a - Magic Dart            Conj           ###.         3%          1    None
b - Call Imp              Summ           ###.....     4%          2    None
c - Mephitic Cloud        Conj/Pois/Air  ##......     14%         3    None
d - Conjure Flame         Conj/Fire      ##......     13%         3    None

Your spell library contained the following spells:

 Spells                   Type           Power        Failure   Level  Hunger
 Blink                    Tloc           N/A          4%          2    None
 Slow                     Hex            ##......     9%          2    None


Dungeon Overview and Level Annotations

Branches:
Dungeon (3/15)

Altars:
Xom

Annotations:
D:1 1 runed door, exclusion: door


Innate Abilities, Weirdness & Mutations

Your experience applies equally to all skills.
You have very sharp teeth.
Your uncanny sense of smell can sniff out nearby items.


Message History

Found a stone staircase leading up.
Search for what [? for help]? .
Done exploring.
Done exploring.
All of the chunks of flesh in your inventory have rotted away.
There is a stone staircase leading down here.
You climb downwards.
A rat, a hobgoblin and 2 orcs come into view.
The orc shouts!
There is a stone staircase leading up here.
A beastly little devil appears in a puff of frigid air.
The orc shouts!
The hobgoblin shouts!
You hear a shout! x2
An orc priest comes into view.
An orc wizard comes into view. It is wielding a dagger.
An orc comes into view. It is wielding a flail of protection.
Your white imp gestures at the orc.
The puff of frost hits the orc.
A metallic apparition takes form in the air.
An orc wizard comes into view. It is wielding a dagger.
A hobgoblin comes into view. It is wielding a club.
An orc priest comes into view. It is wielding a dagger.
The orc priest calls down the wrath of Beogh upon you.
Beogh smites you! The rat bites you but does no damage.
A beastly little devil appears in a puff of flame.
Your white imp gestures at the orc.
The puff of frost hits the orc.
The orc dies!
The rat bites you but does no damage.
The teleport trap disappears.
The orc priest disappears!
The orc wizard casts a spell.
The orc wizard blinks!
Your white imp barely misses the orc.
Your iron imp barely misses the rat.
The orc misses you. The rat completely misses you.
The orc hits your white imp with a flail of protection!
Aim: an orc, wielding a morningstar and wearing a ring mail The magic dart hits the orc.
Your white imp misses the orc.
The hobgoblin hits your crimson imp but does no damage.
The orc priest mumbles some strange prayers to Beogh against you.
Beogh smites you!
* * * LOW HITPOINT WARNING * * *
Your iron imp hits the rat.
The orc barely misses you. The rat misses you.
Your crimson imp hits the rat.
The rat dies!
The orc wizard points at you and mumbles some strange words.
You feel yourself slow down.
Your white imp barely misses the orc.
The orc closely misses your white imp. The hobgoblin misses your crimson imp.
Your white imp gestures at the orc.
The puff of frost hits the orc wizard.
The orc hits you with a morningstar!
You die...

#. #.####
......#
.......##
........####
...........
.........######
....g..@.5o....
.....g55o†8o..8
..........o.§..
......#o.......
#######........
##..8...8
....... .######


You could see an orc priest, 2 orc wizards, 2 orcs, 2 hobgoblins, a friendly
iron imp, a friendly crimson imp and a friendly white imp.

Vanquished Creatures
  2 adders (D:2)
  3 oozes
  3 dart slugs (D:1)
  An orc (D:2)
  2 giant cockroaches (D:2)
  3 goblins
  2 hobgoblins (D:2)
  3 kobolds
  A bat (D:1)
  A frilled lizard (D:2)
  2 rats
23 creatures vanquished.

Vanquished Creatures (collateral kills)
  An adder (D:2)
  An orc (D:3)
  A rat (D:3)
3 creatures vanquished.

Grand Total: 26 creatures vanquished

Notes
Turn   | Place    | Note
-------+----------+-------------------------------------------
     0 | D:1      | n0claF the Gnoll Wizard began the quest for the Orb.
     0 | D:1      | Reached XP level 1. HP: 13/13 MP: 8/8
     1 | D:1      | Found a runed door.
   311 | D:1      | Reached XP level 2. HP: 19/19 MP: 6/10
   319 | D:1      | Learned a level 2 spell: Call Imp
   692 | D:2      | Reached XP level 3. HP: 25/25 MP: 4/11
   750 | D:2      | Learned a level 3 spell: Conjure Flame
   754 | D:2      | Learned a level 3 spell: Mephitic Cloud
   925 | D:2      | Reached skill level 1 in Invocations
   968 | D:2      | Found a shimmering altar of Xom.
  1045 | D:2      | Found a faded altar of an unknown god.
  1055 | D:2      | Reached skill level 1 in Fighting
  1055 | D:2      | Reached skill level 1 in Short Blades
  1055 | D:2      | Reached skill level 1 in Long Blades
  1055 | D:2      | Reached skill level 1 in Axes
  1055 | D:2      | Reached skill level 1 in Maces & Flails
  1055 | D:2      | Reached skill level 1 in Polearms
  1055 | D:2      | Reached skill level 1 in Staves
  1055 | D:2      | Reached skill level 1 in Slings
  1055 | D:2      | Reached skill level 1 in Bows
  1055 | D:2      | Reached skill level 1 in Crossbows
  1055 | D:2      | Reached skill level 1 in Throwing
  1055 | D:2      | Reached skill level 1 in Armour
  1055 | D:2      | Reached skill level 1 in Shields
  1055 | D:2      | Reached skill level 1 in Unarmed Combat
  1055 | D:2      | Reached skill level 1 in Evocations
  1537 | D:2      | Reached XP level 4. HP: 32/32 MP: 8/13
  1883 | D:3      | Slain by an orc

Skill      XL: |  1  2  3 |
---------------+----------+-----
Conjurations   | 2 |  2.2
Summonings     | 2 |  2.2
Translocations | 2 |  2.2
Invocations    | 1 |  1.1
Fighting       | 1 |  1.0
Short Blades   | 1 |  1.0
Long Blades    | 1 |  1.0
Axes           | 1 |  1.0
Maces & Flails | 1 |  1.0
Polearms       | 1 |  1.0
Staves         | 1 |  1.0
Slings         | 1 |  1.0
Bows           | 1 |  1.0
Crossbows      | 1 |  1.0
Throwing       | 1 |  1.0
Armour         | 1 |  1.0
Shields        | 1 |  1.0
Unarmed Combat | 1 |  1.0
Evocations     | 1 |  1.0
Dodging        | |  4.6
Stealth        | |  4.2
Spellcasting   | |  7.2
Hexes          | |  0.7
Charms         | |  0.7
Necromancy     | |  0.7
Transmutations | |  0.7
Fire Magic     | |  0.7
Ice Magic      | |  0.7
Air Magic      | |  0.7
Earth Magic    | |  0.7
Poison Magic   | |  0.7

Action                   |  1- 3 |  4- 6 || total
-------------------------+-------+-------++-------
Melee: Unarmed           |     9 |       ||     9
       Bite              |     1 |       ||     1
 Cast: Magic Dart        |    49 |    10 ||    59
       Call Imp          |     3 |     3 ||     6
  Eat: Chunk             |     1 |     2 ||     3
Armor: Robe              |     1 |     2 ||     3
Dodge: Dodged            |     9 |     4 ||    13
